AoeStats
← Oscar robles176

Arena

509801586Analyzed
4v4 RM · 3d ago on Sep 28, 2026· 57m 34s· 8 players
Game mode
Random Map
Map size
Large (8 player)
Population
200
Speed
Normal
Resources
Standard
Victory
Conquest
Starting age
Dark Age
Ending age
Imperial Age
RankedLock teamsTeams togetherTeam positionsShared explorationLock speedFull tech treeHidden civsTurbo modeCheats
Victory
Defeat
🇺🇸 Khmer · United States
870
+15
🇲🇽 Franks · Mexico
866
+15
🇲🇽 Bulgarians · Mexico
864
+15
🇲🇽 Spanish · Mexico
862
+15
🇬🇧 Saxons · United Kingdom
896
-16
🇺🇸 Japanese · United States
885
-17
🇨🇴 Varangians · Colombia
829
-14
🇨🇴 Vikings · Colombia
785
-13
Iceman
0:29 Loom
14:46 Feudal Age
16:08 Double-Bit Axe
19:25 Castle Age
17:51 Gold Mining
17:54 Stone Mining
17:57 Horse Collar
20:29 Bow Saw
24:25 Fletching
28:03 Imperial Age
31:12 Chemistry
32:49 Siphons
33:27 Fortified Wall
36:38 Masonry
36:25 Murder Holes
39:52 Padded Archer Armor
39:48 Bodkin Arrow
39:53 Scale Mail Armor
40:04 Forging
41:34 Bracer
41:50 Leather Archer Armor
41:50 Chain Mail Armor
42:11 Iron Casting
42:45 Wheelbarrow
41:56 Town Watch
42:08 Arson
44:00 Ring Archer Armor
42:53 Pikeman
44:26 Squires
44:12 Gambesons
45:22 Ballistics
45:34 Architecture
47:42 Plate Mail Armor
48:25 Heavy Plow
49:28 Two-Man Saw
48:45 Hand Cart
48:30 Town Patrol
49:56 Conscription
49:55 Halberdier
51:46 Blast Furnace
51:43 Elite Skirmisher
52:28 Thumb Ring
55:16 Caravan
esdrasvm
9:47 Feudal Age
10:14 Double-Bit Axe
16:54 Castle Age
15:19 Stone Mining
15:23 Horse Collar
15:50 Loom
18:34 Squires
21:07 Padded Archer Armor
22:01 Arson
22:27 Gold Mining
23:05 Fletching
24:25 Bodkin Arrow
27:34 Bow Saw
29:43 Scale Mail Armor
31:35 Leather Archer Armor
32:36 Ballistics
32:59 Heavy Plow
34:35 Wheelbarrow
35:31 Stirrups
39:29 Hand Cart
40:25 Murder Holes
47:48 Imperial Age
48:10 Masonry
48:47 Bloodlines
48:39 Husbandry
48:57 Chain Mail Armor
48:48 Scale Barding Armor
48:54 Forging
48:44 Bracer
49:55 Stone Shaft Mining
49:58 Gold Shaft Mining
48:48 Light Cavalry
51:19 Plate Mail Armor
51:25 Iron Casting
51:32 Chain Barding Armor
51:02 Hussar
53:02 Conscription
54:57 Blast Furnace
54:36 Plate Barding Armor
53:38 Elite Skirmisher
56:07 Gambesons
55:42 Pikeman
57:19 Bagains
56:53 Halberdier
BIZONADE
11:32 Feudal Age
15:14 Castle Age
15:35 Double-Bit Axe
15:36 Horse Collar
19:51 Bow Saw
26:54 Heavy Plow
28:15 Ballistics
28:06 Masonry
28:10 Fletching
28:30 Murder Holes
29:16 Gold Mining
29:23 Stone Mining
33:34 Imperial Age
30:50 Loom
31:40 Wheelbarrow
30:51 Town Watch
32:17 Bodkin Arrow
32:36 Fortified Wall
32:46 Town Patrol
33:47 Gold Shaft Mining
33:53 Stone Shaft Mining
35:22 Conscription
35:03 Double Crossbow
34:26 Heavy Scorpion
36:39 Chemistry
37:20 Siege Engineers
37:46 Architecture
37:20 Bracer
37:30 Forging
37:21 Scale Mail Armor
37:26 Scale Barding Armor
37:22 Padded Archer Armor
37:32 Sappers
38:38 Hoardings
38:04 Tusk Swords
38:59 Chain Mail Armor
39:20 Iron Casting
Oscar robles176
boo radley
7:53 Loom
10:16 Feudal Age
11:45 Feudal Age
12:42 Double-Bit Axe
12:39 Horse Collar
16:26 Castle Age
15:11 Stone Mining
18:02 Bow Saw
17:53 Heavy Plow
22:52 Fletching
25:22 Scale Mail Armor
27:03 Wheelbarrow
26:52 Chain Mail Armor
28:33 Town Watch
28:44 Guard Tower
36:28 Imperial Age
34:06 Pikeman
34:49 Squires
34:43 Gold Mining
36:34 Wheelbarrow
35:59 Bodkin Arrow
36:39 Forging
38:02 Plate Mail Armor
36:54 Halberdier
38:36 Two-Man Saw
40:30 Caravan
41:17 Bracer
42:31 Conscription
42:59 Keep
42:27 Yasama
42:27 Crossbowman
43:57 Hand Cart
43:43 Town Patrol
43:48 Padded Archer Armor
44:00 Thumb Ring
45:00 Leather Archer Armor
45:07 Arbalester
46:18 Ballistics
47:03 Chemistry
47:24 Kataparuto
51:49 Parthian Tactics
utthred1910
0:49 Loom
12:10 Feudal Age
13:23 Double-Bit Axe
17:11 Horse Collar
25:43 Castle Age
24:04 Arson
27:28 Gold Mining
27:29 Stone Mining
33:05 Caravan
37:03 Imperial Age
35:38 Chieftains
36:16 Forging
36:06 Scale Mail Armor
36:12 Scale Barding Armor
36:16 Heavy Plow
36:33 Bow Saw
38:58 Elite Varangian Guard
40:56 Squires
43:39 Elite Berserk
44:49 Conscription
46:38 Capped Ram
47:25 Bogsveigar
56:10 Onager
Juan774244
10:42 Feudal Age
11:12 Double-Bit Axe
15:45 Castle Age
15:25 Forging
16:14 Arson
18:18 Scale Mail Armor
19:50 Gambesons
21:04 Iron Casting
20:44 Chain Mail Armor
21:07 Loom
22:15 Bow Saw
23:48 Horse Collar
25:07 Bloodlines
25:25 Gold Mining
28:00 Husbandry
28:06 Scale Barding Armor
29:46 Chain Barding Armor
34:54 Imperial Age
33:51 Wheelbarrow
33:48 Fletching
36:51 Cavalier
42:40 Light Cavalry
44:59 Blast Furnace
44:35 Plate Barding Armor
50:26 Hussar
No name1406
10:24 Feudal Age
10:55 Double-Bit Axe
16:15 Castle Age
17:25 Bow Saw
26:34 Fletching
33:20 Forging
33:10 Scale Mail Armor
35:44 Chain Mail Armor
42:48 Wheelbarrow
42:01 Loom
42:52 Wheelbarrow
44:25 Hand Cart
44:49 Bodkin Arrow
44:42 Town Watch
45:41 Town Patrol
50:59 Light Cavalry
55:13 Horse Collar
Connection lost

Rejoining the realm…

Still unreachable

The connection could not be restored.

Session expired

The server has moved on; the page needs a fresh start.